 Dungeon Crawl Stone Soup version 0.27.0-1-g7a089689b8 (console) character file.

Game seed: 18212762936220398520

2 om the Skirmisher (level 1, -4/19 HPs)
             Began as a Draconian Berserker on Aug 10, 2021.
             Was a Follower of Trog.
             Slain by a gnoll (7 damage)
             ... on level 1 of the Dungeon.
             The game lasted 00:00:22 (71 turns).

om the Skirmisher (Draconian Berserker)               Turns: 71, Time: 00:00:22

Health: -4/19      AC:  4    Str: 19    XL:     1   Next: 33%
Magic:  1/1        EV: 12    Int:  7    God:    Trog [*.....]
Gold:   0          SH:  0    Dex: 10    Spells: 0/0 levels left

rFire    . . .     SeeInvis .   a - +0 hand axe
rCold    . . .     Faith    .   (no shield)
rNeg     . . .     Spirit   .   (armour unavailable)
rPois    .         Reflect  .   (helmet restricted)
rElec    .         Harm     .   (no cloak)
rCorr    .         Rampage  .   (no gloves)
Will     .....                  (no boots)
Stlth    +.........             (no amulet)
HPRegen  0.06/turn              (no ring)
MPRegen  0.07/turn              (no ring)

@: lethally poisoned (-4 -> -13)
A: AC +4, unfitting armour, cold-blooded
a: Renounce Religion, Berserk


You were on level 1 of the Dungeon.
You worshipped Trog.
Trog was aware of your devotion.
You visited 1 branch of the dungeon, and saw 1 of its levels.

Inventory:

Hand Weapons
 a - a +0 hand axe (weapon)


   Skills:
 * Level 3.3 Fighting
 * Level 3.0 Axes
 * Level 2.7 Dodging


You couldn't memorise any spells.
You didn't know any spells.
Your spell library was empty.

Dungeon Overview and Level Annotations

Branches:
Dungeon (1/15)

Altars:


Innate Abilities, Weirdness & Mutations

Your plain brown scales are hard. (AC +4)
You cannot fit into any form of body armour.
You are cold-blooded and may be slowed by cold attacks.


Message History

You kill the kobold!
Trog accepts your kill.
The giant cockroach bites you but does no damage.
You closely miss the giant cockroach. You tail-slap the giant cockroach.
The giant cockroach is moderately wounded.
The giant cockroach barely misses you. The hobgoblin barely misses you.
You closely miss the giant cockroach.
You tail-slap the giant cockroach, but do no damage.
The giant cockroach is moderately wounded.
You closely miss the hobgoblin.
The giant cockroach bites you but does no damage.
The hobgoblin barely misses you.
The giant cockroach bites you but does no damage.
You hit the giant cockroach.
Your tail-slap misses the giant cockroach.
The giant cockroach is almost dead.
You hit the hobgoblin. The giant cockroach barely misses you.
The hobgoblin hits you.
You hit the giant cockroach but do no damage.
You tail-slap the giant cockroach.
You kill the giant cockroach!
Trog accepts your kill.
You hit the kobold but do no damage. You barely miss the hobgoblin.
The hobgoblin hits you but does no damage.
The kobold barely misses you.
You barely miss the hobgoblin.
The hobgoblin is heavily wounded.
You hit the gnoll. You closely miss the kobold.
The gnoll hits you with a +2 whip of venom.
You are lethally poisoned!
The hobgoblin hits you. The kobold barely misses you.
You are too injured to fight recklessly!
You are too injured to fight recklessly!
You are too injured to fight recklessly!
You are too injured to fight recklessly!
You aren't carrying any potions.
* * * LOW HITPOINT WARNING * * *
You feel very sick. The kobold barely misses you.
The gnoll hits you with a +2 whip of venom!
You die...

#.##.# #.#.. .# #.#.#
# ..## #.#.##.# ...#
##.....
####..###....#####
≈.##.....K.......
#######.##...@gg.# #
##.....##.##..#.#.#
.##.#####.##.#.####.#
.#.##...##.#.'........
.#.#.#'#.#.#.#..##...#
.#.#≈#<#.#.#.#..# ..
.#.#.###.#.#.#..#
.#.##...#'.#.#..#
.'#.#####.##.#..#
#.##...≈.##.##...
##.#######.## .##


You could see a gnoll, a hobgoblin and a kobold.

Vanquished Creatures
  A giant cockroach (D:1)
  A kobold (D:1)
2 creatures vanquished.

Notes
Turn   | Place    | Note
-------+----------+-------------------------------------------
     0 | D:1      | om the Draconian Berserker began the quest for the Orb.
     0 | D:1      | Reached XP level 1. HP: 19/19 MP: 1/1
    71 | D:1      | Slain by a gnoll

Illustrated notes

Levels and vault maps discovered:
D:1:      evilmike_arrival_rings, layout_loops_corners, serial_shops,
          shop_statue, nicolae_shop_behind_doors, shop,
          ebering_ecumenical_altar_sacrificial

Action                   || total
-------------------------++-------
Melee: Hand axe          ||     7
       Tailslap          ||     3
Armor: Skin              ||     4
Dodge: Dodged            ||     9
